cohdb
Replays
Latest Replays
All Replays
Popular Replays
Top Player Replays
Match Explorer
How It Works
Community
CoH3 Stats
Reddit
Sign in to upload your games and track your stats! →
Sign in with Steam
Match 38730659
Unlisted
Match 38730659
Overview
Messages
Build Orders
End
Pioneer Squad
Construct Infanterie Kompanie
MG 42 Machine Gun Team
Grenadier Squad
GrW 34 Mortar Team
Construct Panzergrenadier Kompanie
Medical Station
Panzergrenadier Squad
Panzergrenadier Squad
Pak 40 Anti-tank Gun Team
Selects Mechanized Battlegroup
Pioneer Squad
Panzergrenadier Squad
Selects Spotting Scopes
Selects Wespe Self-propelled Artillery
Wespe Self-propelled Artillery
Pak 40 Anti-tank Gun Team
Selects Raid Package
Construct Panzer Kompanie
Pak 40 Anti-tank Gun Team
Selects StuG Assault Group
Selects UNKNOWN (2160084)
Pak 40 Anti-tank Gun Team
Sturmpanzer IV Brummbär
Selects Zeroing Artillery Barrage
Pioneer Squad
Flankie Flankema
UH|dun! ツ
White Raven
DoMxNightM4rE
zintoko
SLOVAK ARMY / 5th PSU /
0
0
Comments
sign in to comment!
No comments posted yet!